 Dungeon Crawl Stone Soup version 0.31-a0-188-g5e087ee2ca (webtiles) character file.

Game seed: 4180192526285403205

56 TrayleKats the Grasshopper (level 3, 0/33 HPs)
             Began as a Naga Warper on June 23, 2023.
             Slain by a cerulean imp
             ... wielding a +0 spear
             ... summoned by Natasha
              (2 damage)
             ... on level 2 of the Dungeon.
             The game lasted 00:01:25 (1584 turns).

TrayleKats the Grasshopper (Naga Warper)            Turns: 1584, Time: 00:01:25

Health: 0/33       AC:  2    Str: 13    XL:     3   Next: 97%
Magic:  6/6        EV:  9    Int: 15    God:
Gold:   66         SH:  0    Dex: 10    Spells: 6/6 levels left

rFire   . . .        a - +0 spear
rCold   . . .        (no shield)
rNeg    . . .        b - +0 leather armour
rPois   +            (no helmet)
rElec   .            (no cloak)
rCorr   .            (no gloves)
SInv    +            (no barding)
Will    .....        (no amulet)
Stlth   +            (no ring)
HPRegen 0.25/turn    (no ring)
MPRegen 0.10/turn

%: no passive effects
@: short of breath, attractive, very slow
A: AC +1, large, see invisible, deformed body, poison resistance, slowness 2,
spit poison 1, naga tail 1
a: Spit Poison


You were on level 2 of the Dungeon.
You visited 1 branch of the dungeon, and saw 2 of its levels.

You collected 66 gold pieces.

Inventory:

Hand Weapons
 a - a +0 spear (weapon)
Missiles
 d - 7 boomerangs of dispersal
 i - 4 boomerangs
Armour
 b - a +0 leather armour (worn)
Scrolls
 c - a scroll of blinking
 f - 2 scrolls of identify {unknown}
 j - a scroll of amnesia {unknown}
 k - a scroll of enchant weapon {unknown}
Potions
 e - a potion of mutation {unknown}
 h - a potion of haste {unknown}
 l - a potion of attraction
 m - a potion of magic {unknown}


   Skills:
 + Level 2.5 Fighting
 * Level 3.0 Polearms
 - Level 1.1 Throwing
 - Level 1.0 Armour
 - Level 1.7 Dodging
 + Level 2.4 Spellcasting
 - Level 3.0 Translocations


You had 6 spell levels left.
You didn't know any spells.
Your spell library contained the following spells:

 Spells                   Type           Power      Damage    Failure   Level
 Blink                    Tloc           22%        N/A       12%         2
 Lesser Beckoning         Tloc           22%        N/A       12%         2
 Teleport Other           Tloc           11%        N/A       22%         3
 Kiss of Death            Conj/Necr      4%         2d5       26%         1
 Vhi's Electric Charge    Tloc/Air       12%        N/A       41%         3
 Manifold Assault         Tloc           11%        N/A       58%         4
 Confusing Touch          Hex            1%         N/A       63%         3
 Dispel Undead            Necr           1%         3d6       95%         4


Dungeon Overview and Level Annotations

Branches:
Dungeon (2/15)

Altars:

Annotations:
D:2 1 runed translucent door, Crazy Yiuf, Natasha


Innate Abilities, Weirdness & Mutations

Your serpentine skin is tough. (AC +1)
You have supernaturally acute eyesight. (SInv)
Armour fits poorly on your strangely shaped body.
Your system is resistant to poisons. (rPois)
You cover ground very slowly.
You can spit poison.
You have a snake-like lower body.


Message History

You have got your breath back.
The cerulean imp hits you from afar with a +2 spear.
Natasha completely misses you.
Throw: dart (poison)
Press: ? - help, Shift-Dir - straight line, f/p - Natasha
Aim: Natasha (heavily wounded, 47% to hit)
You throw a poisoned dart.
The poisoned dart barely misses Natasha.
The poisoned dart closely misses the cerulean imp.
The cerulean imp closely misses you.
Natasha stares at you and mumbles some strange words.
The magic dart hits you! The cerulean imp barely misses you.
You don't have any such object.
Fire/throw/use which item? ([*] to toss any item) (? for menu, Esc to quit)
Okay, then.
Okay, then.
You closely miss Natasha.
Natasha is heavily wounded.
The cerulean imp hits you with a +0 spear.
* * * LOW HITPOINT WARNING * * *
Natasha barely misses you.
The cerulean imp hits you from afar with a +2 spear.
* * * LOW HITPOINT WARNING * * *
Unknown command.
Aiming: Spit Poison (2% risk of failure)
Press: ? - help, Q - select action, (/) - cycle Shift-Dir - straight line, f/p - Natasha
Aim: Natasha (heavily wounded, 50% to hit)
The splash of poison hits Natasha but does no damage.
Natasha is poisoned.
Natasha is heavily wounded.
The cerulean imp hits you with a +0 spear.
* * * LOW HITPOINT WARNING * * *
Natasha completely misses you.
The cerulean imp hits you from afar with a +2 spear.
* * * LOW HITPOINT WARNING * * *
Unknown command.
It was a potion of attraction.
You feel attractive to monsters.
The cerulean imp hits you with a +0 spear.
You die...

.# # .# .# ##.##.
#(.). #...
#..#####. #####
#5J..5.J. ....# #h#
###.# ###@######
###.# ###..5.....#
..#.####
##....#####.#
#......# ##..#+####
....##.###........#
######.#...#......#
#.#.###......#
#.#.# #......#
#...# #......#


You could see Natasha (poisoned), 2 cerulean imps and an endoplasm.

Vanquished Creatures
  3 adders (D:2)
  A dart slug (D:2)
  4 ball pythons (D:1)
  An endoplasm (D:1)
  A giant cockroach (D:2)
  A goblin (D:2)
  2 hobgoblins (D:1)
  5 kobolds
  2 quokkas
  2 bats (D:1)
  A frilled lizard (D:2)
  4 rats
27 creatures vanquished.

Notes
Turn   | Place    | Note
-------+----------+-------------------------------------------
     0 | D:1      | TrayleKats the Naga Warper began the quest for the Orb.
     0 | D:1      | Reached XP level 1. HP: 19/19 MP: 3/3
   146 | D:1      | Reached skill level 1 in Throwing
   482 | D:1      | Reached XP level 2. HP: 26/26 MP: 5/5
   565 | D:1      | Reached skill level 1 in Armour
  1208 | D:2      | Reached XP level 3. HP: 32/32 MP: 6/6
  1507 | D:2      | Found a runed translucent door.
  1508 | D:2      | Noticed Crazy Yiuf
  1574 | D:2      | Noticed Natasha
  1584 | D:2      | Slain by a cerulean imp

Illustrated notes

Levels and vault maps discovered:
D:1:      lightli_arrival_chessboard, layout_loops_cross
D:2:      cheibrodos_old_hovel, layout_basic, uniq_crazy_yiuf_cottage,
          uniq_natasha

Skill      XL: |  1  2  3 |
---------------+----------+-----
Throwing       | 1 |  1.1
Armour         | 1 |  1.0
Polearms       | 3 |  3.0
Fighting       | |  2.5
Dodging        | |  1.7
Spellcasting   | |  2.4
Translocations | |  3.0

Action                     || total
---------------------------++-------
  Melee: Spear             ||    85
  Throw: Dart              ||     3
Ability: Spit Poison       ||    17
    Use: Potion            ||     1
 Armour: Leather armour    ||    16
  Dodge: Dodged            ||    39

Table legend: (Time is in decaauts)
 A = Elapsed time spent in this place.
 B = Non-inter-level travel time spent in this place.
 C = Inter-level travel time spent in this place.
 D = Time resting spent in this place.
 E = Time spent auto-exploring this place.
 F = Levels seen in this place.
 G = Mean time per level.
                   A        B        C        D        E       F      G
               +--------+--------+--------+--------+--------+-----+--------+
         Total |   1892 |   1855 |     37 |    518 |   1105 |   2 |  946.0 |
       Dungeon |   1892 |   1855 |     37 |    518 |   1105 |   2 |  946.0 |
               +--------+--------+--------+--------+--------+-----+--------+

Top non-repeatable levels by time:
     D:1: 1305 daAuts
     D:2: 587 daAuts
